 Dungeon Crawl Stone Soup version 0.30-a0-393-g54b8e3be05 (webtiles) character file.

Game seed: 4535642083098247765

163 bande the Trooper (level 5, -7/33 HPs)
             Began as a Gargoyle Fighter on Dec 6, 2022.
             Mangled by a worm (9 damage)
             ... on level 3 of the Dungeon.
             The game lasted 00:04:08 (1724 turns).

bande the Trooper (Gargoyle Fighter)                Turns: 1724, Time: 00:04:08

Health: -7/33      AC: 13    Str: 20    XL:     5   Next: 44%
Magic:  5/5        EV:  7    Int:  8    God:
Gold:   107        SH:  4    Dex: 11    Spells: 4/4 levels left

rFire   . . .      SeeInvis .    a - +0 war axe
rCold   . . .      Faith    .    c - +0 buckler
rNeg    + . .      Spirit   .    f - +0 chain mail
rPois   ∞          Reflect  .    (no helmet)
rElec   +          Harm     .    (no cloak)
rCorr   .          Rampage  .    (no gloves)
Will    .....                    (no boots)
Stlth   ..........               (no amulet)
HPRegen 0.25/turn                (no ring)
MPRegen 0.09/turn                (no ring)

@: no status effects
A: sickness immunity, AC +4, negative energy resistance 1, electricity
resistance, torment resistance 1, petrification resistance
a: no special abilities


You were on level 3 of the Dungeon.
You visited 1 branch of the dungeon, and saw 3 of its levels.

You collected 107 gold pieces.

Inventory:

Hand Weapons
 a - a +0 war axe (weapon)
 d - a +0 flail
Armour
 c - a +0 buckler (worn)
 f - a +0 chain mail (worn)
Wands
 q - a wand of iceblast (10)
Scrolls
 e - 3 scrolls of teleportation {unknown}
 g - 2 scrolls of fear {unknown}
 i - a scroll of immolation {unknown}
 j - a scroll of poison {unknown}
 m - a scroll of identify {unknown}
 o - a scroll of amnesia {unknown}
 p - a scroll of blinking {unknown}
Potions
 b - a potion of mutation {unknown}
 h - 3 potions of degeneration {unknown}
 k - 2 potions of heal wounds {unknown}
 l - a potion of invisibility {unknown}
 n - 2 potions of curing {unknown}


   Skills:
 + Level 4.0 Fighting
 + Level 3.4 Axes
 + Level 3.9 Armour
 - Level 0.2 Dodging
 + Level 4.0 Shields
 * Level 1.0 Evocations


You had 4 spell levels left.
You didn't know any spells.
Your spell library contained the following spells:

 Spells                   Type           Power      Damage    Failure   Level
 Summon Small Mammal      Summ           0%         N/A       99%         1
 Call Canine Familiar     Summ           0%         N/A       100%        3
 Summon Guardian Golem    Hex/Summ       0%         N/A       100%        3


Dungeon Overview and Level Annotations

Branches:
Dungeon (3/15)

Altars:

Shops:
D:2 =


Innate Abilities, Weirdness & Mutations

You are immune to sickness and miasma.
Your stone body is resilient. (AC +4)
You are immune to poison.
You resist negative energy. (rN+)
You are resistant to electric shocks. (rElec)
You are resistant to unholy torment.
You are immune to petrification.


Message History

You block the worm's attack. The worm bites you but does no damage.
You hit the worm but do no damage. You hit the worm.
The worm bites you but does no damage.
You hit the worm but do no damage.
The worm is lightly wounded.
You hit the worm. The worm bites you but does no damage.
The worm closely misses you.
You hit the worm.
The worm is moderately wounded.
You hit the worm. The worm bites you. The worm bites you but does no damage.
You hit the worm.
The worm is heavily wounded.
You hit the worm. The worm bites you.
You barely miss the worm.
The worm is heavily wounded.
You barely miss the worm. The worm bites you but does no damage.
The worm bites you.
You hit the worm.
The worm is heavily wounded.
You hit the worm. The worm bites you! The worm bites you.
* * * LOW HITPOINT WARNING * * *
You are too injured to fight recklessly!
You are too injured to fight recklessly!
You are too injured to fight recklessly!
You are too injured to fight recklessly!
You are too injured to fight recklessly!
You are too injured to fight recklessly!
You are too injured to fight recklessly!
You are too injured to fight recklessly!
There is an open door here.
You hit the worm.
The worm is heavily wounded.
The worm bites you.
* * * LOW HITPOINT WARNING * * *
You slash the worm!
You kill the worm!
You slash the worm!
The worm is heavily wounded.
The worm bites you!
You die...

# #.###.###..# #.
#.##..(##..# #..
#.#)....#.## ##..#
#.......#.## .....#
#.#.....#..# #...).#
#.##...##..# .......##
##.#######..#
........####...........#
........w@.............#
........####.).#.#######
.......## ##.##.#
#.....# ####.# ##...#
#.# ##+# #.# #.# #.#
###.#### ######.#


You could see a worm.

Vanquished Creatures
  An orc priest (D:3)
  Jessica (D:3)
  An orc wizard (D:3)
  An adder (D:2)
  2 worms
  2 dart slugs
  2 orcs (D:3)
  10 bats
  6 endoplasms
  2 giant cockroaches (D:1)
  5 goblins
  4 hobgoblins
  2 jackals (D:2)
  7 kobolds
  2 quokkas
  5 ball pythons
  A frilled lizard (D:3)
  3 rats
57 creatures vanquished.

Notes
Turn   | Place    | Note
-------+----------+-------------------------------------------
     0 | D:1      | bande the Gargoyle Fighter began the quest for the Orb.
     0 | D:1      | Reached XP level 1. HP: 14/14 MP: 1/1
   137 | D:1      | Reached XP level 2. HP: 18/19 MP: 2/2
   438 | D:1      | Reached XP level 3. HP: 23/23 MP: 3/3
  1068 | D:2      | Found a faded altar of an unknown god.
  1153 | D:2      | Found Ribanam's Jewellery Shop.
  1200 | D:2      | Reached XP level 4. HP: 29/29 MP: 4/4
  1298 | D:2      | Identified the +1 pair of gloves "Sadau" {Regen+ Str+5}
  1491 | D:3      | Noticed Jessica
  1505 | D:3      | Killed Jessica
  1506 | D:3      | Reached XP level 5. HP: 11/33 MP: 5/5
  1507 | D:3      | Reached skill level 1 in Evocations
  1722 | D:3      | HP: 1/33 [worm (5)]
  1724 | D:3      | Mangled by a worm

Illustrated notes

Levels and vault maps discovered:
D:1:      dpeg_arrival_tiny_d, layout_basic
D:2:      layout_rooms, serial_shops, shop_fountains,
          shapermc_ecumenical_altar_flowoftime
D:3:      layout_loops_corners, minmay_misc_feat_enclosed, uniq_robin,
          uniq_jessica

Skill      XL: |  1  2  3  4  5 |
---------------+----------------+-----
Axes           | 2 3 |  3.4
Fighting       | 4 |  4.0
Evocations     | 1 |  1.0
Shields        | 4 |  4.0
Armour         | |  3.9
Dodging        | |  0.2

Action                   |  1- 3 |  4- 6 || total
-------------------------+-------+-------++-------
Melee: War axe           |   119 |    43 ||   162
  Use: Potion            |       |     1 ||     1
Armor: Scale mail        |    23 |       ||    23
       Chain mail        |    67 |    36 ||   103
Dodge: Dodged            |    66 |    17 ||    83
Block: Buckler           |    33 |    12 ||    45

Table legend: (Time is in decaauts)
 A = Elapsed time spent in this place.
 B = Non-inter-level travel time spent in this place.
 C = Inter-level travel time spent in this place.
 D = Time resting spent in this place.
 E = Time spent auto-exploring this place.
 F = Levels seen in this place.
 G = Mean time per level.
                   A        B        C        D        E       F      G
               +--------+--------+--------+--------+--------+-----+--------+
         Total |   1797 |   1747 |     50 |    254 |   1023 |   3 |  599.0 |
       Dungeon |   1797 |   1747 |     50 |    254 |   1023 |   3 |  599.0 |
               +--------+--------+--------+--------+--------+-----+--------+

Top non-repeatable levels by time:
     D:1: 748 daAuts
     D:2: 724 daAuts
     D:3: 325 daAuts
